 Dungeon Crawl Stone Soup version 0.28-a0-407-g69098e2f6d (webtiles) character file.

Game seed: 17253019560710551601

5 bearlyready the Slasher (level 1, 0/23 HPs)
             Began as a Gnoll Cinder Acolyte on Sept 5, 2021.
             Was a High Priest of Ignis.
             Succumbed to a goblin's poison
             ... on level 1 of the Dungeon.
             The game lasted 00:00:18 (210 turns).

bearlyready the Slasher (Gnoll Cinder Acolyte)       Turns: 210, Time: 00:00:18

Health: 0/23       AC:  2    Str: 13    XL:     1   Next: 80%
Magic:  4/4        EV: 11    Int: 13    God:    Ignis [*****.]
Gold:   7          SH:  0    Dex:  7    Spells: 5/5 levels left

rFire   + . .      SeeInvis .   a - -1 falchion (flame)
rCold   . . .      Faith    .   (no shield)
rNeg    . . .      Spirit   .   b - +0 robe
rPois   .          Reflect  .   (no helmet)
rElec   .          Harm     .   (no cloak)
rCorr   .          Rampage  .   (no gloves)
Will    .....                   (no boots)
Stlth   +.........              (no amulet)
HPRegen 0.07/turn               (no ring)
MPRegen 0.09/turn               (no ring)

@: lethally poisoned (0 -> -4)
A: fangs 1, strong nose, distributed training
a: Renounce Religion, Sea of Fire, Foxfire Swarm, Rising Flame


You were on level 1 of the Dungeon.
You worshipped Ignis.
Ignis was extremely pleased with you.
You visited 1 branch of the dungeon, and saw 1 of its levels.

You collected 7 gold pieces.

Inventory:

Hand Weapons
 a - a -1 falchion of flaming (weapon)
Missiles
 c - 11 stones
Armour
 b - a +0 robe (worn)
Scrolls
 d - a scroll of identify {unknown}


   Skills:
 + Level 6.4 Fighting
 + Level 0.1 Short Blades
 + Level 6.4 Long Blades
 + Level 0.1 Axes
 + Level 0.1 Maces & Flails
 + Level 0.1 Polearms
 + Level 0.1 Staves
 + Level 0.1 Slings
 + Level 0.1 Bows
 + Level 0.1 Crossbows
 + Level 0.1 Throwing
 + Level 0.1 Armour
 + Level 0.1 Dodging
 + Level 0.1 Stealth
 + Level 0.1 Shields
 + Level 0.1 Unarmed Combat
 + Level 2.6 Spellcasting
 + Level 0.1 Conjurations
 + Level 0.1 Hexes
 + Level 0.1 Summonings
 + Level 0.1 Necromancy
 + Level 0.1 Translocations
 + Level 0.1 Transmutations
 + Level 5.3 Fire Magic
 + Level 0.1 Ice Magic
 + Level 0.1 Air Magic
 + Level 0.1 Earth Magic
 + Level 0.1 Poison Magic
 + Level 0.2 Invocations
 + Level 0.1 Evocations


You had 5 spell levels left.
You didn't know any spells.
Your spell library contained the following spells:

 Spells                   Type           Power      Damage    Failure   Level
 Scorch                   Fire           30%        2d7       4%          2


Dungeon Overview and Level Annotations

Branches:
Dungeon (1/15)

Altars:


Innate Abilities, Weirdness & Mutations

You have very sharp teeth.
Your uncanny sense of smell can sniff out nearby items.
Your experience applies equally to all skills.


Message History

You hit the bat. You burn the bat.
You kill the bat!
You hit the bat. You burn the bat.
You kill the bat!
No target in view!
No target in view!
d - a scroll labelled GORAL GIM QUYF A ball python comes into view.
A ball python is nearby!
A ball python is nearby!
The ball python hisses angrily.
You slash the ball python! You burn the ball python.
You kill the ball python!
No target in view!
You see here a ball python corpse.
Found 24 arrows.
A goblin comes into view. It is wielding a +4 dagger of venom.
A goblin is nearby!
An endoplasm and a hobgoblin come into view.
The endoplasm quivers.
The hobgoblin shouts!
You closely miss the goblin. Your bite misses the goblin.
The goblin hits you with a +4 dagger of venom.
You are poisoned.
You barely miss the goblin. Your bite misses the goblin.
You feel very sick. The goblin closely misses you.
You closely miss the goblin.
You feel sick.
You are too injured to fight recklessly!
You closely miss the goblin.
You feel sick.
The goblin hits you with a +4 dagger of venom.
You are lethally poisoned!
You feel very sick.
* * * LOW HITPOINT WARNING * * *
You feel sick.
* * * LOW HITPOINT WARNING * * *
You feel sick.
* * * LOW HITPOINT WARNING * * *
You feel sick.
You die...

#.######.# #[......##.#
#[.......# #####.#.##.#
#.......## #......#
##......## ####.....# #
#.......######.....†..#
##.####..........#...........
.............###.............
.........J....####.#.........
...(....g.g.@......#.........
.......##########.##.........
....... ####......... #######
#......... #.........
#......... #...>.....
##########


You could see an endoplasm, a hobgoblin and a goblin.

Vanquished Creatures
  An endoplasm (D:1)
  A ball python (D:1)
  3 bats (D:1)
  A kobold (D:1)
6 creatures vanquished.

Notes
Turn   | Place    | Note
-------+----------+-------------------------------------------
     0 | D:1      | bearlyready the Gnoll Cinder Acolyte began the quest for
                  | the Orb.
     0 | D:1      | Reached XP level 1. HP: 23/23 MP: 4/4
   209 | D:1      | HP: 1/23 [poisoned by a goblin]
   210 | D:1      | Succumbed to a goblin's poison

Illustrated notes

Levels and vault maps discovered:
D:1:      scummos_arrival_simple_fountains, layout_rooms

Action                   || total
-------------------------++-------
Melee: Falchion          ||    13
Armor: Robe              ||     4
Dodge: Dodged            ||     5

Table legend: (Time is in decaauts)
 A = Elapsed time spent in this place.
 B = Non-inter-level travel time spent in this place.
 C = Inter-level travel time spent in this place.
 D = Time resting spent in this place.
 E = Time spent auto-exploring this place.
 F = Levels seen in this place.
 G = Mean time per level.
                   A        B        C        D        E       F      G
               +--------+--------+--------+--------+--------+-----+--------+
         Total |    209 |    209 |      0 |      0 |    162 |   1 |  209.0 |
       Dungeon |    209 |    209 |      0 |      0 |    162 |   1 |  209.0 |
               +--------+--------+--------+--------+--------+-----+--------+

Top non-repeatable levels by time:
     D:1: 209 daAuts
